 Dungeon Crawl Stone Soup version 0.28.0-43-g3370ac3207 (webtiles) character file.

Game seed: 3117390350272677110

11 experimilk the Grave Robber (level 2, 0/20 HPs)
             Began as a Hill Orc Necromancer on Mar 4, 2022.
             Frozen to death by an endoplasm (2 damage)
             ... on level 1 of the Dungeon.
             The game lasted 00:02:14 (513 turns).

experimilk the Grave Robber (Hill Orc Necromancer)   Turns: 513, Time: 00:02:15

Health: 0/20       AC:  3    Str: 10    XL:     2   Next: 29%
Magic:  1/4        EV: 12    Int: 15    God:
Gold:   14         SH:  0    Dex: 11    Spells: 2/4 levels left

rFire   . . .      SeeInvis .   (no weapon)
rCold   . . .      Faith    .   (no shield)
rNeg    . . .      Spirit   .   a - +0 robe
rPois   .          Reflect  .   (no helmet)
rElec   .          Harm     .   (no cloak)
rCorr   .          Rampage  .   b - +0 pair of gloves
Will    .....                   (no boots)
Stlth   ++........              (no amulet)
HPRegen 0.06/turn               (no ring)
MPRegen 0.09/turn               (no ring)

@: no status effects
A: no striking features
a: no special abilities


You were on level 1 of the Dungeon.
You visited 1 branch of the dungeon, and saw 1 of its levels.

You collected 14 gold pieces.

Inventory:

Armour
 a - a +0 robe (worn)
 b - a +0 pair of gloves (worn)


   Skills:
 - Level 1.5 Dodging
 - Level 1.5 Stealth
 - Level 1.5 Spellcasting
 * Level 4.5 Necromancy


You had 2 spell levels left.
You knew the following spells:

 Your Spells              Type           Power      Damage    Failure   Level
a - Pain                  Necr           56%        1d6       3%          1
b - Animate Skeleton      Necr           28%        N/A       3%          1

Your spell library contained the following spells:

 Spells                   Type           Power      Damage    Failure   Level
 Vampiric Draining        Necr           14%        2d7       11%         3
 Animate Dead             Necr           7%         N/A       34%         4
 Agony                    Necr           14%        N/A       69%         5


Dungeon Overview and Level Annotations

Branches:
Dungeon (1/15)

Altars:


Message History

The kobold completely misses you. The quokka bites you. The quokka bites you.
The kobold barely misses you.
Your quokka skeleton bites the quokka.
The endoplasm hits your quokka skeleton.
Your quokka skeleton is destroyed!
Your ball python skeleton bites the quokka.
The quokka dies!
Your rat skeleton misses the goblin.
Your ball python skeleton misses the goblin.
Your ball python skeleton closely misses the goblin.
Your rat skeleton bites the kobold.
You hit the goblin.
The goblin is moderately wounded.
Your ball python skeleton barely misses the kobold.
Your ball python skeleton grabs the kobold.
Your ball python skeleton constricts the kobold.
Your rat skeleton bites the endoplasm.
The goblin hits you with a +0 club.
The kobold completely misses your ball python skeleton.
As you read the scroll labelled WISTUTUTEATY, it crumbles to dust.
It is a scroll of identify.
You don't have any unidentified items.
Your ball python skeleton bites the kobold.
Your ball python skeleton constricts the kobold.
The kobold dies!
The goblin hits you with a +0 club.
* * * LOW HITPOINT WARNING * * *
Your rat skeleton bites the endoplasm.
You aren't carrying any scrolls.
Your ball python skeleton bites the endoplasm but does no damage.
Your ball python skeleton closely misses the goblin.
Your ball python skeleton barely misses the goblin.
The goblin closely misses you. The endoplasm freezes you.
You are frozen.
* * * LOW HITPOINT WARNING * * *
Your ball python skeleton barely misses the goblin.
Your ball python skeleton closely misses the goblin.
The endoplasm freezes you.
You are frozen.
You die...

...# ..# . .. ..#
#(#. ..# [##.#.
#.#### .
.)#..####.... #
#.##.#....†..##.#
...........@....#
#........ZJg..###
#..##....Z....#
#.............#
P≈
........#######
≈≈P ###.##..#####
≈≈≈. ## #......#
≈≈≈≈.
...##......#
P≈≈≈.
...#.......#


You could see an endoplasm, a goblin (ally target), a friendly ball python
skeleton and a friendly rat skeleton.

Vanquished Creatures
  2 ball pythons (D:1)
  2 endoplasms (D:1)
  A quokka (D:1)
  A rat (D:1)
6 creatures vanquished.

Vanquished Creatures (collateral kills)
  A kobold (D:1)
  A quokka (D:1)
  A bat (D:1)
  A rat (D:1)
4 creatures vanquished.

Grand Total: 10 creatures vanquished

Notes
Turn   | Place    | Note
-------+----------+-------------------------------------------
     0 | D:1      | experimilk the Hill Orc Necromancer began the quest for the
                  | Orb.
     0 | D:1      | Reached XP level 1. HP: 14/14 MP: 3/3
     2 | D:1      | Learned a level 1 spell: Animate Skeleton
   480 | D:1      | Reached XP level 2. HP: 17/20 MP: 1/4
   513 | D:1      | Frozen to death by an endoplasm

Illustrated notes

Levels and vault maps discovered:
D:1:      dpeg_arrival_radiant, layout_basic, chequers_ecumenical_altar_twisty,
          chequers_big_river, minmay_small_reverse_x

Action                   || total
-------------------------++-------
Melee: Unarmed           ||     4
 Cast: Pain              ||    14
       Animate Skeleton  ||     4
  Use: Scroll            ||     1
Armor: Robe              ||     6
Dodge: Dodged            ||     9
